 Dungeon Crawl Stone Soup version 0.29-a0-892-g2c4c91d9db (webtiles) character file.

Game seed: 7647296189204967450

1138 Kazon the Chopper (level 8, -1/57 (58) HPs)
             Began as a Demonspawn Gladiator on July 22, 2022.
             Was an Initiate of Makhleb.
             Killed by nerve-wracking pain
             ... invoked by an orc priest
              (10 damage)
             ... on level 6 of the Dungeon.
             The game lasted 00:21:41 (5709 turns).

Kazon the Chopper (Demonspawn Gladiator)            Turns: 5709, Time: 00:21:42

HP:   -1/57 (58)    AC: 11    Str: 16    XL:     8   Next: 14%
MP:   0/10          EV: 14    Int: 10    God:    Makhleb [......]
Gold: 92            SH:  0    Dex: 18    Spells: 7/7 levels left

rFire   + . .      SeeInvis .   t - +0 dagger (venom)
rCold   + . .      Faith    .   (no shield)
rNeg    . . .      Spirit   +   p - +1 leather armour "Nyud" {rPois rF+ Will- Dex+3}
rPois   +          Reflect  .   c - +0 helmet
rElec   .          Harm     .   y - +1 cloak
rCorr   +          Rampage  .   r - +0 pair of gloves
Will    .....                   (no boots)
Stlth   ++........              o - amulet of guardian spirit
HPRegen 0.19/turn               A - ring of resist corrosion
MPRegen 0.24/turn               I - ring of protection from cold

@: lightly drained
A: molten scales 2, foul stench 1, magic regeneration, demonic touch 2
a: Renounce Religion


You were on level 6 of the Dungeon.
You worshipped Makhleb.
Makhleb was noncommittal.
You visited 1 branch of the dungeon, and saw 6 of its levels.

You collected 417 gold pieces.
You spent 325 gold pieces at shops.

Inventory:

Hand Weapons
 a - a +3 war axe
 s - a +7 scimitar
 t - a +0 dagger of venom (weapon)
Missiles
 d - 4 throwing nets
 e - 7 javelins
 j - 38 stones (quivered)
 B - 17 poisoned darts
 K - 4 boomerangs
Armour
 c - a +0 helmet (worn)
 p - the +1 leather armour "Nyud" (worn) {rPois rF+ Will- Dex+3}
   (You found it on level 2 of the Dungeon)

   Dex:       It affects your dexterity (+3).
   rF:        It protects you from fire.
   rPois:     It protects you from poison.
   Will:      It decreases your willpower.
 r - a +0 pair of gloves (worn)
 y - a +1 cloak (worn)
Jewellery
 h - a ring of fire
 o - an amulet of guardian spirit (around neck)
 A - a ring of resist corrosion (left hand)
 I - a ring of protection from cold (right hand)
Wands
 G - a wand of acid (5)
 H - a wand of digging (5)
Scrolls
 b - a scroll of torment {unknown}
 f - a scroll of acquirement {unknown}
 k - 2 scrolls of teleportation
 l - a scroll of identify
 q - a scroll of poison {unknown}
 u - 2 scrolls of blinking {unknown}
 z - a scroll of butterflies {unknown}
 D - 2 scrolls of noise {unknown}
 J - 2 scrolls of amnesia {unknown}
 M - a scroll of immolation {unknown}
 N - a scroll of summoning {unknown}
Potions
 g - a potion of berserk rage
 i - 2 potions of haste {unknown}
 m - a potion of might
 n - a potion of degeneration {unknown}
 v - a potion of mutation {unknown}
 w - a potion of curing {unknown}
 x - 3 potions of magic {unknown}
 C - a potion of cancellation {unknown}
 E - 2 potions of heal wounds {unknown}
 F - a potion of resistance {unknown}
 L - a potion of brilliance {unknown}


   Skills:
 + Level 3.3 Fighting
 + Level 2.1 Short Blades
 + Level 0.2(1.2) Long Blades
 + Level 4.9 Axes
 + Level 2.9 Throwing
 + Level 3.1 Armour
 + Level 4.3 Dodging
 + Level 1.9 Stealth
 * Level 3.6 Invocations
 * Level 2.3 Evocations


You had 7 spell levels left.
You didn't know any spells.
Your spell library contained the following spells:

 Spells                   Type           Power      Damage    Failure   Level
 Blink                    Tloc           0%         N/A       56%         2
 Gell's Gravitas          Tloc           0%         N/A       80%         3
 Lesser Beckoning         Tloc           0%         N/A       80%         3
 Teleport Other           Tloc           0%         N/A       80%         3
 Manifold Assault         Tloc           0%         N/A       100%        5


Dungeon Overview and Level Annotations

Branches:
Dungeon (6/15)             Temple (0/1) D:5

Altars:
Cheibriados
Kikubaaqudgha
Makhleb
Qazlal
Yredelemnul

Shops:
D:1 ?   D:3 *   D:5 *:?

Portals:
Abyss: D:5

Annotations:
D:5 2 transporters, chrisa4242's ghost, amateur FeIE


Innate Abilities, Weirdness & Mutations

You are mostly covered in molten scales. (AC +3)
You may rarely emit foul miasma when damaged in melee.
You regenerate magic rapidly.
Your touch may inflict irresistible damage on your foes.


Message History

The orc hits you but does no damage.
You closely miss the orc.
The orc is almost dead.
You hit the orc but do no damage.
The orc looks as sick as possible!
The orc is almost dead.
You kill the orc!
Makhleb accepts your kill.
The orc priest mumbles some strange prayers to Beogh against you.
Beogh smites you!
You hit the orc.
The orc is poisoned.
The orc is heavily wounded.
The orc hits you with a +0 club.
The orc priest begins to cast a cantrip, but forgets the words!
You closely miss the orc.
The orc is heavily wounded.
The orc closely misses you.
You completely miss the orc.
The orc is heavily wounded.
The orc misses you.
The orc priest mumbles some strange prayers to Beogh against you.
Beogh smites you!
You hit the orc.
The orc looks even sicker.
The orc is severely wounded.
You kill the orc!
Makhleb accepts your kill.
The orc priest mumbles some strange prayers to Beogh against you.
Beogh smites you!
* * * LOW HITPOINT WARNING * * *
You hit the orc priest but do no damage.
The orc priest is poisoned.
You touch the orc priest!
The orc priest is almost dead.
The orc priest calls down the wrath of Beogh upon you.
Pain shoots through your body!
* * * LOW HITPOINT WARNING * * *
You hit the orc priest.
You kill the orc priest!
Makhleb accepts your kill.
The orc priest invokes the aid of Beogh against you.
Pain shoots through your body!
You die...

...>.....
##.....##
...o....#
###.......###
..o.#...#
#8.........8#
........#
##...........##
....>...#
##.....###.....##
........#
##.....## ##.....#
........###8....8#
#8....8
..)...Yooo##...###
###...#
........#o)@...#
#...#
........########
#...# #########
###.# #####.#
#)[..<. #.###..
#.###+# #......
###......


You could see an ice beast, an orc priest and 3 orcs.

Vanquished Creatures
  2 black bears (D:5)
  A phantom (D:4)
  2 necrophages
  5 wights (D:6)
  A jelly (D:5)
  2 orc priests
  3 hounds (D:5)
  2 iguanas (D:5)
  2 orc wizards (D:3)
  3 gnolls (D:2)
  11 adders
  A shadow imp (D:5)
  A white imp (D:6)
  2 ufetubi (D:5)
  2 worms
  2 dart slugs
  10 orcs
  9 ball pythons
  8 endoplasms
  2 giant cockroaches (D:1)
  8 goblins
  4 hobgoblins
  6 jackals
  6 quokkas
  5 bats
  4 frilled lizards
  7 kobolds
  7 rats
118 creatures vanquished.

Notes
Turn   | Place    | Note
-------+----------+-------------------------------------------
     0 | D:1      | Kazon the Demonspawn Gladiator began the quest for the Orb.
     0 | D:1      | Reached XP level 1. HP: 16/16 MP: 1/1
     2 | D:1      | Noticed a demigod
     2 | D:1      | Noticed an ogre
     4 | D:1      | Noticed a merfolk
     9 | D:1      | Noticed a formicid
     9 | D:1      | Noticed a ghoul
    11 | D:1      | Noticed a minotaur
    13 | D:1      | Noticed a troll
    13 | D:1      | Noticed a tengu
    15 | D:1      | Noticed a draconian
    15 | D:1      | Noticed a naga
    17 | D:1      | Noticed a vampire
    17 | D:1      | Noticed a dwarf
    19 | D:1      | Noticed a felid
    19 | D:1      | Noticed a human
    21 | D:1      | Noticed a spriggan
    23 | D:1      | Noticed a demonspawn
    23 | D:1      | Noticed a gargoyle
    25 | D:1      | Noticed an elf
    25 | D:1      | Noticed an octopode
    27 | D:1      | Noticed a vine stalker
    51 | D:1      | Gained mutation: You are partially covered in molten
                  | scales. (AC +2) [demonic ancestry]
    51 | D:1      | Reached XP level 2. HP: 5/22 MP: 2/2
   832 | D:1      | Found Pam Kegh's Magic Scroll Boutique.
   839 | D:1      | Bought a scroll of teleportation for 30 gold pieces
   839 | D:1      | Bought a scroll of identify for 20 gold pieces
   889 | D:1      | Gained mutation: Your touch may inflict minor irresistible
                  | damage on your foes. [demonic ancestry]
   889 | D:1      | Reached XP level 3. HP: 27/27 MP: 3/3
   900 | D:1      | Found a faded altar of an unknown god.
  1044 | D:2      | Reached skill level 1 in Armour
  1200 | D:2      | Reached XP level 4. HP: 29/33 MP: 4/4
  1474 | D:2      | Identified the +1 leather armour "Nyud" {rPois rF+ Will-
                  | Dex+3}
  2339 | D:3      | Found a stormy altar of Qazlal.
  2368 | D:3      | Gained mutation: You may rarely emit foul miasma when
                  | damaged in melee. [demonic ancestry]
  2368 | D:3      | Reached XP level 5. HP: 15/39 MP: 3/5
  2553 | D:3      | Found a snail-covered altar of Cheibriados.
  2607 | D:3      | Found Roxyl's Assorted Antiques.
  2639 | D:3      | Bought a fuming clear potion for 27 gold pieces
  3461 | D:4      | Reached skill level 1 in Stealth
  3499 | D:4      | Gained mutation: You regenerate magic rapidly. [demonic
                  | ancestry]
  3499 | D:4      | Reached XP level 6. HP: 46/46 MP: 6/6
  3557 | D:4      | Found a burning altar of Makhleb.
  3565 | D:4      | Became a worshipper of Makhleb the Destroyer
  4006 | D:4      | Reached skill level 1 in Short Blades
  4006 | D:4      | Reached skill level 1 in Invocations
  4558 | D:3      | Bought a forked bone wand for 124 gold pieces
  4558 | D:3      | Bought a lead wand for 124 gold pieces
  4658 | D:5      | Entered Level 5 of the Dungeon
  4693 | D:5      | Found a transporter.
  4698 | D:5      | Found a staircase to the Ecumenical Temple.
  4737 | D:5      | Found an ancient bone altar of Kikubaaqudgha.
  4805 | D:5      | Gained mutation: Your touch may inflict irresistible damage
                  | on your foes. [demonic ancestry]
  4805 | D:5      | Reached XP level 7. HP: 49/52 MP: 8/8
  4818 | D:5      | Found a basalt altar of Yredelemnul.
  4865 | D:5      | Found Ziewk's Magic Scroll Boutique.
  4866 | D:5      | Found Zemmuamp's Book Boutique.
  4873 | D:5      | Reached skill level 1 in Evocations
  4873 | D:5      | Found Waron's General Store.
  4874 | D:5      | Found Raus Jis's Book Boutique.
  5022 | D:5      | Found a transporter.
  5026 | D:5      | Noticed chrisa4242's ghost (amateur FeIE)
  5101 | D:5      | Found a one-way gate to the infinite horrors of the Abyss.
  5442 | D:6      | Gained mutation: You are mostly covered in molten scales.
                  | (AC +3) [demonic ancestry]
  5442 | D:6      | Reached XP level 8. HP: 38/58 MP: 6/10
  5709 | D:6      | Killed from afar by an orc priest

Illustrated notes

Levels and vault maps discovered:
D:1:      kb_arrival_jail, layout_basic, serial_shops, shop,
          ebering_ecumenical_altar_petrified
D:2:      layout_basic, minmay_pentomino_v2
D:3:      kennysheep_six_static_rooms, layout_basic,
          mainiacjoe_overflow_cross_hatched,
          chequers_temple_overflow_statue_of_worship, serial_shops,
          nicolae_lakefront_shop
D:4:      layout_basic, mainiacjoe_overflow_small_starburst,
          mainiacjoe_overflow_brackets, grunt_decor_clamped
D:5:      layout_cave_pools, kiku_gazebo_pond_becter, mainiacjoe_overflow_paths,
          minmay_temple_entry_sparse_star, gammafunk_ghost_abyssal_escape,
          minmay_shop_grid_forest, hex_large
D:6:      layout_basic, pdpol_wu_jian_five_deadly_venoms,
          chequers_hall_statues_y, minmay_manual_mail

Skill      XL: |  1  2  3  4  5  6  7 |
---------------+----------------------+-----
Axes           | 3 4 |  4.9
Dodging        | 3 4 |  4.3
Armour         | 1 2 3 |  3.1
Stealth        | 1 |  1.9
Throwing       | 2 |  2.9
Short Blades   | 1 2 |  2.1
Invocations    | 1 3 |  3.6
Fighting       | 3 |  3.3
Evocations     | 2 |  2.3
Long Blades    | |  0.2

Action                   |  1- 3 |  4- 6 |  7- 9 || total
-------------------------+-------+-------+-------++-------
Melee: War axe           |    82 |    72 |     8 ||   162
       Touch             |     6 |    38 |    19 ||    63
       Punch             |       |     1 |       ||     1
       Dagger            |       |    91 |    51 ||   142
       Scimitar          |       |       |    13 ||    13
Throw: Stone             |     2 |    46 |    17 ||    65
  Use: Scroll            |       |     2 |       ||     2
 Stab: Sleeping          |     1 |     3 |       ||     4
Armor: Leather armour    |    44 |    64 |    22 ||   130
Dodge: Dodged            |    54 |    90 |    38 ||   182

Table legend: (Time is in decaauts)
 A = Elapsed time spent in this place.
 B = Non-inter-level travel time spent in this place.
 C = Inter-level travel time spent in this place.
 D = Time resting spent in this place.
 E = Time spent auto-exploring this place.
 F = Levels seen in this place.
 G = Mean time per level.
                   A        B        C        D        E       F      G
               +--------+--------+--------+--------+--------+-----+--------+
         Total |   5754 |   5277 |    477 |    398 |   2718 |   6 |  959.0 |
       Dungeon |   5754 |   5277 |    477 |    398 |   2718 |   6 |  959.0 |
               +--------+--------+--------+--------+--------+-----+--------+

Top non-repeatable levels by time:
     D:3: 1277 daAuts
     D:2: 1236 daAuts
     D:4: 1095 daAuts
     D:1: 1094 daAuts
     D:5: 909 daAuts
     D:6: 140 daAuts
